 Dungeon Crawl Stone Soup version 0.21.1-1-g345015fe64 (webtiles) character file.

14 Ivernyr the Charmwright (level 2, 0/22 HPs)
             Began as a Demonspawn Skald on Apr 26, 2018.
             Slain by an adder (2 damage)
             ... on level 1 of the Dungeon.
             The game lasted 00:00:59 (772 turns).

Ivernyr the Charmwright (Demonspawn Skald)           Turns: 772, Time: 00:01:00

Health: 0/22       AC:  3    Str: 11    XL:     2   Next: 31%
Magic:  4/5        EV: 11    Int: 14    God:
Gold:   16         SH:  0    Dex: 12    Spells: 0/5 levels left

rFire    . . .     SeeInvis .   a - +0 falchion
rCold    . . .     Gourm    .   (no shield)
rNeg     . . .     Faith    .   b - +0 leather armour
rPois    .         Spirit   .   (no helmet)
rElec    .         Reflect  .   (no cloak)
rCorr    .         Harm     .   (no gloves)
MR       .....                  (no boots)
Stlth    +.........             (no amulet)
HPRegen  0.07/turn              (no ring)
MPRegen  0.09/turn              (no ring)

@: lethally poisoned (0 -> -7)
A: hooves 1
a: no special abilities


You were on level 1 of the Dungeon.
You were not hungry.

You visited 1 branch of the dungeon, and saw 2 of its levels.

You collected 16 gold pieces.

Inventory:

Hand Weapons
 a - a +0 falchion (weapon)
Armour
 b - a +0 leather armour (worn)
Scrolls
 e - a scroll of identify {unknown}
 f - a scroll of blinking {unknown}
 i - a scroll of remove curse {unknown}
 j - a scroll of enchant weapon {unknown}
Potions
 g - a potion of curing {unknown}
 h - a potion of agility {unknown}
Books
 c - a book of Battle

   Spells                             Type                      Level
   a - Infusion                       Charms                       1
   b - Shroud of Golubria             Charms/Translocation         2
   c - Song of Slaying                Charms                       2
   d - Spectral Weapon                Hexes/Charms                 3
   e - Regeneration                   Charms/Necromancy            3
Comestibles
 d - 2 rations


   Skills:
 + Level 2.2 Fighting
 + Level 2.0 Long Blades
 * Level 1.4 Armour
 - Level 1.7 Dodging
 - Level 2.0 Spellcasting
 + Level 2.8 Charms


You couldn't memorise any spells.
You knew the following spells:

 Your Spells              Type           Power        Failure   Level  Hunger
a - Shroud of Golubria    Chrm/Tloc      #.........   26%         2    ###....
b - Song of Slaying       Chrm           #.......     14%         2    ###....
c - Infusion              Chrm           #...         10%         1    ##.....


Dungeon Overview and Level Annotations

Branches:
Dungeon (2/15)

Altars:


Innate Abilities, Weirdness & Mutations

You have large cloven feet.


Message History

* * * LOW HITPOINT WARNING * * *
You barely miss the adder. Your kick misses the adder.
The adder is moderately wounded.
The adder bites you but does no damage.
You hit the adder. You kick the adder.
The adder is severely wounded.
* * * LOW HITPOINT WARNING * * *
You feel sick. The adder barely misses you.
You riposte.
You barely miss the adder. Your kick misses the adder.
The adder is severely wounded.
The adder closely misses you.
You closely miss the adder.
The adder is severely wounded.
* * * LOW HITPOINT WARNING * * *
You feel sick. The adder barely misses you.
You hit the adder but do no damage.
The adder is severely wounded.
* * * LOW HITPOINT WARNING * * *
You feel sick. The adder bites you.
You die...

##.##.#...#....(....#
#.##.......###.###.#
#.########.# #.# #.#
##+## #.###.# #.#
##...## #.##..# #.#
##.....## #.##.####.#
#.......## #.........#
.........####....######
.....†...+......@#
.........####..S.#
#.......## ##.#.#
##.....## ###.#
###...## #.## # ##'##
#..# # #.# ##.#
####.###### #.#
##........# #.#


You could see an adder.

Vanquished Creatures
  A dart slug (D:1)
  A leopard gecko (D:1)
  An orc (D:2)
  A goblin (D:1)
  2 hobgoblins (D:1)
  A kobold (D:1)
  2 frilled lizards (D:1)
  A rat (D:1)
10 creatures vanquished.

Notes
Turn   | Place    | Note
-------+----------+-------------------------------------------
     0 | D:1      | Ivernyr the Demonspawn Skald began the quest for the Orb.
     0 | D:1      | Reached XP level 1. HP: 16/16 MP: 3/3
    84 | D:1      | Reached skill level 1 in Armour
   441 | D:1      | Gained mutation: You have large cloven feet. [demonic ancestry]
   441 | D:1      | Reached XP level 2. HP: 20/22 MP: 5/5
   729 | D:1      | Learned a level 2 spell: Song of Slaying
   732 | D:1      | Learned a level 2 spell: Shroud of Golubria
   772 | D:1      | Slain by an adder

Skill      XL: |  1  2 |
---------------+-------+-----
Armour         | 1 |  1.4
Long Blades    | 2 |  2.0
Fighting       | |  2.2
Dodging        | |  1.7
Spellcasting   | |  2.0
Charms         | |  2.8

Action                   || total
-------------------------++-------
Melee: Falchion          ||    30
       Kick              ||     3
 Cast: Shroud of Golubri ||     1
 Stab: Sleeping          ||     1
Armor: Leather armour    ||    10
Dodge: Dodged            ||    18
       Rpst.: Falchion   ||     6
